 Dungeon Crawl Stone Soup version 0.22.1-1-ga44c0e5 (webtiles) character file.

44 Harpaggios the Vexing (level 3, -7/16 HPs)
             Began as a Vine Stalker Enchanter on Oct 19, 2018.
             Mangled by a gnoll
             ... wielding a +0 spear
              (9 damage)
             ... on level 1 of the Dungeon.
             The game lasted 00:07:37 (930 turns).

Harpaggios the Vexing (Vine Stalker Enchanter)       Turns: 930, Time: 00:07:39

Health: -7/16      AC:  2    Str: 10    XL:     3   Next: 62%
Magic:  0/7        EV: 12    Int: 15    God:
Gold:   11         SH:  0    Dex: 15    Spells: 2/6 levels left

rFire    . . .     SeeInvis .   a - +2 dagger
rCold    + . .     Gourm    .   (no shield)
rNeg     . . .     Faith    .   b - +0 robe
rPois    .         Spirit   +   (no helmet)
rElec    .         Reflect  .   (no cloak)
rCorr    .         Harm     .   (no gloves)
MR       .....                  (no boots)
Stlth    ++........             (no amulet)
HPRegen  0.05/turn              l - ring of protection from cold
MPRegen  0.10/turn              (no ring)

@: no status effects
A: fangs 2, magic shield, antimagic bite, no potion heal 3, rot immunity
a: no special abilities


You were on level 1 of the Dungeon.
You were not hungry.

You visited 1 branch of the dungeon, and saw 2 of its levels.

You collected 11 gold pieces.

Inventory:

Hand Weapons
 a - a +2 dagger (weapon)
Armour
 b - a +0 robe (worn)
Jewellery
 e - a +2 ring of dexterity {unknown}
 l - a ring of protection from cold (left hand)
Comestibles
 d - 2 rations
 g - 3 chunks of flesh


   Skills:
 + Level 2.2 Short Blades
 - Level 1.5 Dodging
 - Level 3.6 Stealth
 - Level 2.1 Spellcasting
 + Level 3.8 Hexes


You had 2 spell levels left.
You knew the following spells:

 Your Spells              Type           Power        Failure   Level  Hunger
a - Corona                Hex            ##.....      4%          1    #......
b - Confuse               Hex            ##......     14%         3    ###....

Your spell library contained the following spells:

 Spells                   Type           Power        Failure   Level  Hunger
 Ensorcelled Hibernation  Hex/Ice        #.....       16%         2    ###....
 Tukima's Dance           Hex            ##......     14%         3    ###....
 Dazzling Spray           Conj/Hex       #.....       30%         3    ###....


Dungeon Overview and Level Annotations

Branches:
Dungeon (2/15)

Altars:


Innate Abilities, Weirdness & Mutations

You have extremely sharp teeth.
When hurt, damage is shared between your health and your magic reserves.
Your bite disrupts and absorbs the magic of your enemies.
Potions cannot restore your health.
You are immune to rotting.


Message History

There is a stone staircase leading down here.
You climb downwards.
The goblin hits you but does no damage.
The gnoll barely misses you. x2; The gnoll closely misses you.
There is a stone staircase leading up, spattered with blood here.
Wield which item (- for none, * to show all)? (? for menu, Esc to quit)
Okay, then.
The gnoll misses you. The gnoll hits you with a spear.
The goblin hits you but does no damage. The gnoll barely misses you.
You climb upwards.
There is a stone staircase leading down here.
You barely miss the goblin. The gnoll hits you with a spear!
The gnoll barely misses you. The goblin hits you but does no damage.
The gnoll barely misses you.
You hit the goblin. You bite the goblin.
You kill the goblin!
The gnoll hits you with a spear.
* * * LOW HITPOINT WARNING * * *
The gnoll closely misses you. The gnoll hits you with a spear!
Ouch! That really hurt!
You die...

............#
.>.##.#.#(###
...##.......#
#....##.###.##
......#.# #..#########
##......#
##)#.#.#.#.##
#.....#.# #..).......#
........#
#.#.#)#.#.###
#.....###
#...g@g.....# ......#
###.#g#.#.#.##########
......#
#....................
###..##
##.#.#.#.#######..###
≈≈≈≈≈# #.........#
#..### .8..≈#
####.#.#.#.## #....#
###.≈# #.........##
#.##.# #.#8≈#
#.######### #.##.#
#.#.≈# ####.#######
#.....


You could see 3 gnolls.

Vanquished Creatures
  A gnoll (D:1)
  2 dart slugs (D:1)
  3 giant cockroaches (D:1)
  8 goblins (D:1)
  4 hobgoblins (D:1)
  A kobold (D:1)
  4 bats (D:1)
  3 frilled lizards (D:1)
  2 rats (D:1)
28 creatures vanquished.

Notes
Turn   | Place    | Note
-------+----------+-------------------------------------------
     0 | D:1      | Harpaggios the Vine Stalker Enchanter began the quest for
                  | the Orb.
     0 | D:1      | Reached XP level 1. HP: 9/9 MP: 4/4
    56 | D:1      | Reached skill level 1 in Short Blades
   261 | D:1      | Reached XP level 2. HP: 13/13 MP: 6/6
   441 | D:1      | Reached XP level 3. HP: 8/16 MP: 3/7
   918 | D:1      | Learned a level 3 spell: Confuse
   930 | D:1      | Mangled by a gnoll

Skill      XL: |  1  2  3 |
---------------+----------+-----
Short Blades   | 1 2 |  2.2
Dodging        | |  1.5
Stealth        | |  3.6
Spellcasting   | |  2.1
Hexes          | |  3.8

Action                   || total
-------------------------++-------
Melee: Dagger            ||    80
       Bite              ||    17
 Cast: Corona            ||    29
  Use: Potion            ||     5
       Scroll            ||     3
  Eat: Chunk             ||     1
Armor: Robe              ||    10
Dodge: Dodged            ||    60
